 Dungeon Crawl Stone Soup version 0.28-a0-1143-gcf6077d4cc (webtiles) character file.

Game seed: 15428660296521248794

83 spaghetti the Sneak (level 4, -5/40 HPs)
             Began as a Ghoul Delver on Dec 14, 2021.
             Killed from afar by Ijyb (9 damage)
             ... with an iceblast
             ... on level 5 of the Dungeon.
             The game lasted 00:01:23 (1000 turns).

spaghetti the Sneak (Ghoul Delver)                  Turns: 1000, Time: 00:01:24

Health: -5/40      AC:  3    Str: 17    XL:     4   Next: 44%
Magic:  3/3        EV: 12    Int:  5    God:
Gold:   36         SH:  0    Dex: 10    Spells: 3/3 levels left

rFire   . . .      SeeInvis .     - Unarmed
rCold   + . .      Faith    .   (no shield)
rNeg    + + +      Spirit   .   a - +0 leather armour
rPois   ∞          Reflect  .   (no helmet)
rElec   .          Harm     .   (no cloak)
rCorr   .          Rampage  .   (no gloves)
Will    .....                   (no boots)
Stlth   +++.......              (no amulet)
HPRegen 0.00/turn               (no ring)
MPRegen 0.08/turn               (no ring)

@: inhibited regen, hasted, very quick
A: claws 1, cold resistance 1, negative energy resistance 3, inhibited
regeneration, torment resistance 2
a: no special abilities


You were on level 5 of the Dungeon.
You visited 1 branch of the dungeon, and saw 1 of its levels.

You collected 36 gold pieces.


Innate Abilities, Weirdness & Mutations

You thrive by killing the living.
You are immune to poison.
You have sharp fingernails.
Your flesh is cold resistant. (rC+)
You are immune to negative energy. (rN+++)
You do not regenerate when monsters are visible.
You are immune to unholy pain and torment.


   Skills:
 + Level 4.1 Fighting
 + Level 2.6 Dodging
 - Level 5.8 Stealth
 + Level 3.2 Unarmed Combat


You had 3 spell levels left.
You didn't know any spells.
Your spell library was empty.

Inventory:

Hand Weapons
 c - a +0 dagger {short}
   (You took it off an orc wizard on level 5 of the Dungeon)
 g - a +0 hand axe {axe}
   (You took it off an orc on level 5 of the Dungeon)
 h - a +0 short sword {short}
   (You took it off an orc on level 5 of the Dungeon)
Missiles
 j - 5 curare-tipped darts (quivered) {=fthrowing}
 k - 16 stones {throwing}
Armour
 a - a +0 leather armour (worn)
 i - a +0 plate armour
   (You found it on level 5 of the Dungeon)
Wands
 f - a wand of digging (3)
Scrolls
 b - a scroll of fog
 d - a scroll of fear

Dungeon Overview and Level Annotations

Branches:
Dungeon (5/15)
 Temple: D:4-7

Altars:

Annotations:
D:5 Ijyb

* **,,.###...########.####.
* **,,,.....#* #......
********,,###....* #......
**,,,,,,,,*#.<..##*
##########
*,,*********,##.##
####.≈≈≈≈≈≈≈≈ ,,** *,*#.g#
##)...≈≈≈≈.≈≈≈ ,**
*******,*##.###..##.≈≈≈≈≈≈≈≈
** *,,,,,,,*
#.##..############
******,*****####@...##
#......
*,,<,,,*****#.......###
*#.....
*,,,,,,,,..)..#####...###
##.### *,,,,,,,*####**
###...#####.### *,,,,,,**
###.[.##..... *,,,,,,*
###........ *,,,,,,*
####..... ******** #.....
#.....


You could see Ijyb.


Message History

Unknown command.
Unknown command.
You scratch the quokka but do no damage.
The quokka misses you.
You barely miss the quokka. The quokka closely misses you.
The quokka misses you.
You closely miss the quokka. The quokka bites you. 😕 HP[-3]
You take 3 damage, and now have 34/40 hp.
You scratch the quokka. The quokka barely misses you.
You scratch the quokka but do no damage.
The quokka bites you. 😮 HP[-4]
You take 4 damage, and now have 30/40 hp.
You scratch the quokka.
You kill the quokka!
You enter the shallow water.
Moving in this stuff is going to be slow.
There is a collapsed entrance here. 😕 HP[+1]
You can't go down here!
Unknown command.
You enter the shallow water.
Moving in this stuff is going to be slow.
You now have 26 gold pieces (gained 16).
You now have 36 gold pieces (gained 10).
You see here a +0 leather armour.
An adder comes into view. 😎 HP[+9]
Your hp is fully restored (40).
An adder is nearby!
The adder hisses angrily.
You barely miss the adder.
Ijyb the Twisted Goblin comes into view.
She is wielding a +3 spectral club and carrying a wand of iceblast (5).
The adder closely misses you.
Ijyb shouts!
You scratch the adder. The adder bites you but does no damage.
You scratch the adder. The adder closely misses you.
You scratch the adder. The adder bites you.
Ijyb hits you with a +3 spectral club.
The adder bites you but does no damage. 😕 HP[-6]
You take 6 damage, and now have 34/40 hp.
You scratch the adder but do no damage. Ijyb closely misses you.
The adder misses you.
You scratch the adder.
You kill the adder!
You feel better.
Ijyb hits you with a +3 spectral club. 😕 HP[+2]
You regained 2 hp, and now have 36/40 hp.
You scratch Ijyb.
Ijyb hits you with a +3 spectral club. 😕 HP[-5]
You take 5 damage, and now have 31/40 hp.
You scratch Ijyb but do no damage.
Ijyb hits you with a +3 spectral club. 😮 HP[-4]
You take 4 damage, and now have 27/40 hp.
You are too injured to fight recklessly!
You are too injured to fight recklessly!
You are too injured to fight recklessly!
You are too injured to fight recklessly!
You are too injured to fight recklessly!
You are too injured to fight recklessly!
You are too injured to fight recklessly!
You are too injured to fight recklessly!
You are too injured to fight recklessly!
You are too injured to fight recklessly!
You are too injured to fight recklessly!
You are too injured to fight recklessly!
You are too injured to fight recklessly!
Unknown command.
You closely miss Ijyb.
Ijyb hits you with a +3 spectral club. 😮 HP[-3]
You take 3 damage, and now have 24/40 hp.
You scratch Ijyb. Ijyb hits you with a +3 spectral club.
* * * LOW HITPOINT WARNING * * *
😨 HP[-5]
You take 5 damage, and now have 19/40 hp.
You closely miss Ijyb. Ijyb hits you with a +3 spectral club.
* * * LOW HITPOINT WARNING * * *
😨 HP[-4]
You take 4 damage, and now have 15/40 hp.
Unknown command.
Okay, then.
Okay, then.
Press: ? - help, v - describe, . - travel
Here: Ijyb, wielding a +3 spectral club, wearing a +0 leather armour and carrying a wand of iceblast (5) (lightly wounded)
The floor.
Okay, then.
You feel yourself speed up. Ijyb hits you with a +3 spectral club!
* * * LOW HITPOINT WARNING * * *
😱 HP[-7]
You take 7 damage, and now have 8/40 hp.
You claw Ijyb! You barely miss Ijyb. Ijyb hits you with a +3 spectral club.
* * * LOW HITPOINT WARNING * * *
😱 HP[-4]
You take 4 damage, and now have 4/40 hp.
Unknown command.
Ijyb zaps a wand.
The mass of ice explodes!
The iceblast engulfs you! You partially resist.
You die...

Skill      XL: |  1  2  3 |
---------------+----------+-----
Dodging        | 2 |  2.6
Fighting       | 4 |  4.1
Unarmed Combat | 3 |  3.2
Stealth        | |  5.8

Action                   |  1- 3 |  4- 6 || total
-------------------------+-------+-------++-------
Melee: Unarmed           |    42 |    36 ||    78
       Punch             |     2 |       ||     2
  Use: Potion            |     1 |     1 ||     2
       Scroll            |     1 |       ||     1
 Stab: Sleeping          |       |     1 ||     1
Armor: Leather armour    |    11 |     8 ||    19
Dodge: Dodged            |    20 |    28 ||    48

Levels and vault maps discovered:
D:5:      layout_rooms, portal_sewer_entry_f, uniq_blork_the_orc, uniq_ijyb

Notes
Turn   | Place    | Note
-------+----------+-------------------------------------------
     0 | D:5      | spaghetti the Ghoul Delver began the quest for the Orb.
     0 | D:5      | Reached XP level 1. HP: 19/19 MP: 0/0
     0 | D:5      | magus.rc [v1.9.6]
   119 | D:5      | Noticed an orc wizard
   139 | D:5      | HP: 3/19 [something (2)]
   146 | D:5      | Killed an orc wizard
   147 | D:5      | Reached skill level 2 in Dodging
   147 | D:5      | Reached XP level 2. HP: 5/27 MP: 1/1
   147 | D:5      | Reached XP level 3. HP: 7/33 MP: 2/2
   771 | D:5      | Reached skill level 4 in Fighting
   771 | D:5      | Reached skill level 3 in Unarmed Combat
   771 | D:5      | Reached XP level 4. HP: 33/40 MP: 3/3
   983 | D:5      | Noticed Ijyb
   994 | D:5      | HP: 8/40 [Ijyb (7)]
  1000 | D:5      | Killed from afar by Ijyb

Vanquished Creatures
  A centaur skeleton (D:5)
  An orc wizard (D:5)
  2 adders (D:5)
  2 orcs (D:5)
  5 giant cockroaches (D:5)
  A quokka (D:5)
12 creatures vanquished.

Table legend:
 A = Non-vault XP
 B = Vault XP
 C = Vault XP percentage of total XP
 D = Non-vault monster count
 E = Vault monster count
 F = Vault count percentage of total count
                 A         B        C        D         E       F
            +---------+---------+-------+---------+---------+-------
      Total |     107 |      12 |  10.1 |       6 |       6 |  50.0
            +---------+---------+-------+---------+---------+-------
        D:5 |     107 |      12 |  10.1 |       6 |       6 |  50.0
            +---------+---------+-------+---------+---------+-------

Illustrated notes

Table legend:
 A = Kills in this place as a percentage of kills in entire the game.
 B = Kills by you in this place as a percentage of kills by you in the entire game.
 C = Kills by friends in this place as a percentage of kills by friends in the entire game.
 D = Other kills in this place as a percentage of other kills in the entire game.
 E = Experience gained in this place as a percentage of experience gained in the entire game.
 F = Experience gained in this place divided by the number of levels of this place that you have seen.
                   A       B       C       D       E      F
               +-------+-------+-------+-------+-------+----------------------
         Total | 100.0 | 100.0 |   N/A |   N/A | 100.0 | 119.0
       Dungeon | 100.0 | 100.0 |   N/A |   N/A | 100.0 | 119.0
               +-------+-------+-------+-------+-------+----------------------

Table legend: (Time is in decaauts)
 A = Elapsed time spent in this place.
 B = Non-inter-level travel time spent in this place.
 C = Inter-level travel time spent in this place.
 D = Time resting spent in this place.
 E = Time spent auto-exploring this place.
 F = Levels seen in this place.
 G = Mean time per level.
                   A        B        C        D        E       F      G
               +--------+--------+--------+--------+--------+-----+--------+
         Total |   1000 |   1000 |      0 |    647 |    223 |   1 | 1000.0 |
       Dungeon |   1000 |   1000 |      0 |    647 |    223 |   1 | 1000.0 |
               +--------+--------+--------+--------+--------+-----+--------+

Top non-repeatable levels by time:
     D:5: 1000 daAuts
